 Dungeon Crawl Stone Soup version 0.28-a0-94-g325244837d (webtiles) character file.

Game seed: 1520667394772886240

16 Leeroy the Insei (level 2, 0/21 HPs)
             Began as a Merfolk Transmuter on Aug 7, 2021.
             Was a Follower of Okawaru.
             Slain by a jackal (3 damage)
             ... on level 1 of the Dungeon.
             The game lasted 00:00:56 (686 turns).

Leeroy the Insei (Merfolk Transmuter)                Turns: 686, Time: 00:00:57

Health: 0/21       AC:  2    Str: 10    XL:     2   Next: 58%
Magic:  13/14      EV: 15    Int: 12    God:    Okawaru [*.....]
Gold:   26         SH:  0    Dex: 14    Spells: 4/5 levels left

rFire   . . .      SeeInvis .     - Unarmed
rCold   . . .      Faith    .   (no shield)
rNeg    . . .      Spirit   .   a - +0 robe
rPois   .          Reflect  .   (helmet currently unavailable)
rElec   .          Harm     .   (no cloak)
rCorr   .          Rampage  .   (no gloves)
Will    .....                   (boots currently unavailable)
Stlth   ++........              (no amulet)
HPRegen 0.07/turn               f - ring of magical power
MPRegen 0.14/turn               (no ring)

@: appendages (expiring), very quick
A: horns 2, nimble swimmer 2, mertail
a: End Transformation, Renounce Religion, Heroism


You were on level 1 of the Dungeon.
You worshipped Okawaru.
Okawaru was aware of your devotion.
You had temporarily grown beastly horns.
You visited 1 branch of the dungeon, and saw 1 of its levels.

You collected 26 gold pieces.

Inventory:

Armour
 a - a +0 robe (worn)
Jewellery
 f - a ring of magical power (left hand)
Scrolls
 b - a scroll of enchant weapon {unknown}
 c - a scroll of enchant armour {unknown}
 d - a scroll of fear {unknown}
 e - a scroll of magic mapping {unknown}
 g - a scroll of identify {unknown}


   Skills:
 - Level 1.1 Fighting
 - Level 2.6 Dodging
 + Level 4.2 Unarmed Combat
 - Level 2.0 Spellcasting
 - Level 2.6 Transmutations


You had 4 spell levels left.
You knew the following spells:

 Your Spells              Type           Power      Damage    Failure   Level
a - Beastly Appendage     Tmut           14%        N/A       9%          1

Your spell library contained the following spells:

 Spells                   Type           Power      Damage    Failure   Level
 Wereblood                Tmut           7%         N/A       14%         2
 Spider Form              Tmut/Pois      2%         N/A       43%         3
 Ice Form                 Ice/Tmut       4%         N/A       83%         4


Dungeon Overview and Level Annotations

Branches:
Dungeon (1/15)

Altars:
Okawaru


Innate Abilities, Weirdness & Mutations

You have temporarily grown beastly horns.
You are quick and stealthy near water. (Stealth+, EV+, Speed+++)
Your lower body shifts to a powerful aquatic tail in water.


Message History

You hit the jackal but do no damage. The jackal barely misses you.
The jackal bites you. x2
The jackal splashes around in the water.
You barely miss the jackal. The jackal closely misses you.
The jackal bites you. The jackal barely misses you. x2
You hit the jackal.
The jackal is almost dead.
The jackal misses you. x3
The jackal bites you but does no damage.
You completely miss the jackal.
You tail-slap the jackal, but do no damage.
The jackal is almost dead.
The jackal bites you. x2
* * * LOW HITPOINT WARNING * * *
The jackal splashes around in the water.
The jackal misses you.
Casting: Beastly Appendage (safe; 9% risk of failure)
Confirm with . or Enter, or press ? or * to list all spells.
You grow a pair of large bovine horns.
The jackal bites you but does no damage.
The jackal splashes around in the water.
The jackal closely misses you. The jackal bites you.
* * * LOW HITPOINT WARNING * * *
The jackal barely misses you.
You punch the jackal!
You kill the jackal!
Okawaru accepts your kill.
Your transformation is almost over.
The jackal barely misses you.
You closely miss the jackal. The jackal barely misses you.
You hit the jackal but do no damage. The jackal barely misses you.
The jackal misses you.
You barely miss the jackal.
The jackal splashes around in the water.
The jackal closely misses you. The jackal bites you.
* * * LOW HITPOINT WARNING * * *
The jackal barely misses you.
You closely miss the jackal. Your headbutt misses the jackal.
The jackal bites you.
You die...

♣♣ ##≈♣ ######
...≈♣♣###.PPP##
.......P≈≈≈≈PP#
#.P≈≈h@P≈≈≈#
#..P≈h♣♣♣♣PP#
##.P≈≈♣ ≈
##.≈♣♣


PPP ##P≈♣♣♣P≈P. #P≈P≈P≈PP# #.≈P≈≈≈≈#. ##+## #...P.P## ##...## #.###### You could
see 2 jackals.

Vanquished Creatures
  A dart slug (D:1)
  2 bats (D:1)
  An endoplasm (D:1)
  A goblin (D:1)
  A hobgoblin (D:1)
  2 jackals (D:1)
  2 frilled lizards (D:1)
  2 kobolds (D:1)
  2 rats (D:1)
14 creatures vanquished.

Vanquished Creatures (others)
  2 plants (D:1)
2 creatures vanquished.

Grand Total: 16 creatures vanquished

Notes
Turn   | Place    | Note
-------+----------+-------------------------------------------
     0 | D:1      | Leeroy the Merfolk Transmuter began the quest for the Orb.
     0 | D:1      | Reached XP level 1. HP: 15/15 MP: 3/3
    57 | D:1      | Found a faded altar of an unknown god.
   106 | D:1      | Became a worshipper of Warmaster Okawaru
   106 | D:1      | Reached * piety under Okawaru
   217 | D:1      | Reached XP level 2. HP: 8/21 MP: 5/5
   462 | D:1      | Reached skill level 4 in Unarmed Combat
   686 | D:1      | Slain by a jackal

Illustrated notes

Levels and vault maps discovered:
D:1:      ebering_trefoil_twist, layout_loops_corners,
          shapermc_ecumenical_altar_acropolis, serial_bayou,
          serial_bayou_pond_c, serial_bayou_lake_a, serial_bayou_shore_b,
          serial_bayou_pond_c

Skill      XL: |  1  2 |
---------------+-------+-----
Unarmed Combat | 4 |  4.2
Fighting       | |  1.1
Dodging        | |  2.6
Spellcasting   | |  2.0
Transmutations | |  2.6

Action                   || total
-------------------------++-------
Melee: Unarmed           ||    42
       Tailslap          ||     1
       Punch             ||     1
 Cast: Beastly Appendage ||     1
Armor: Robe              ||    10
Dodge: Dodged            ||    47

Table legend: (Time is in decaauts)
 A = Elapsed time spent in this place.
 B = Non-inter-level travel time spent in this place.
 C = Inter-level travel time spent in this place.
 D = Time resting spent in this place.
 E = Time spent auto-exploring this place.
 F = Levels seen in this place.
 G = Mean time per level.
                   A        B        C        D        E       F      G
               +--------+--------+--------+--------+--------+-----+--------+
         Total |    675 |    658 |     17 |      0 |    565 |   1 |  675.0 |
       Dungeon |    675 |    658 |     17 |      0 |    565 |   1 |  675.0 |
               +--------+--------+--------+--------+--------+-----+--------+

Top non-repeatable levels by time:
     D:1: 675 daAuts
